 Dungeon Crawl Stone Soup version 0.29-a0-214-g17f627cfee (webtiles) character file.

Game seed: 8463490015387703148

37 spaghetti the Sneak (level 3, -4/29 HPs)
             Began as a Demonspawn Delver on Feb 24, 2022.
             Was an Initiate of Kikubaaqudgha.
             Slain by a wyvern skeleton (11 damage)
             ... on level 5 of the Dungeon.
             The game lasted 00:02:38 (1127 turns).

spaghetti the Sneak (Demonspawn Delver)             Turns: 1127, Time: 00:02:38

Health: -4/29      AC:  6    Str: 12    XL:     3   Next: 21%
Magic:  3/3        EV: 11    Int: 13    God:    Kikubaaqudgha [......]
Gold:   29         SH:  0    Dex: 14    Spells: 2/2 levels left

rFire   . . .      SeeInvis .   a - +1 spear (freeze) {polearm}
rCold   . . .      Faith    .   (no shield)
rNeg    . . .      Spirit   .   i - +0 leather armour
rPois   .          Reflect  .   (no helmet)
rElec   .          Harm     .   (no cloak)
rCorr   .          Rampage  .   (no gloves)
Will    .....                   (no boots)
Stlth   ++........              (no amulet)
HPRegen 0.09/turn               (no ring)
MPRegen 0.08/turn               (no ring)

@: weak-willed
A: yellow scales 2
a: Renounce Religion


You were on level 5 of the Dungeon.
You worshipped Kikubaaqudgha.
Kikubaaqudgha was noncommittal.
You visited 2 branches of the dungeon, and saw 3 of its levels.

You collected 29 gold pieces.


Innate Abilities, Weirdness & Mutations

You are mostly covered in yellow scales. (AC +3)


   Skills:
 - Level 3.0 Fighting
 - Level 1.7 Short Blades
 - Level 0.4 Staves
 - Level 1.7 Dodging
 - Level 4.5 Stealth
 + Level 3.1 Necromancy


You had 2 spell levels left.
You didn't know any spells.
Your spell library contained the following spells:

 Spells                   Type           Power      Damage    Failure   Level
 Blade Hands              Tmut           0%         N/A       100%        5
 Irradiate                Conj/Tmut      0%         3d13      100%        5
 Dragon Form              Tmut           0%         N/A       100%        7

Inventory:

Hand Weapons
 a - a +1 spear of freezing (weapon) {polearm}
   (You found it on level 5 of the Dungeon)
 h - a +0 short sword {short}
Missiles
 f - 17 stones (quivered) {throwing}
Armour
 i - a +0 leather armour (worn)
Magical Staves
 b - a staff of death {!astaff}
   (You found it on level 6 of the Dungeon)
Wands
 g - a wand of digging (2)
Scrolls
 c - 2 scrolls of fog

Dungeon Overview and Level Annotations

Branches:
Dungeon (6/15)             Temple (1/1) D:5

Altars:
Ashenzari
Cheibriados
Fedhas
Gozag
Kikubaaqudgha
Okawaru
Ru
Uskayaw
Vehumet
Xom
Yredelemnul
The Shining One

Annotations:
D:5 3 runed translucent doors

.....##........,,*,,,,,****
....(##.........,,,,,,,,,,** ***
......#..#......,,,,,,,,,*,****,*
......#..#......,,,,**,,*,,**,,,,
........##......,,,***,*,,,**^,,,
....#...#**.....,*** *****,**,,,,
..##....# **#...** **,*,,,,
.#.#...## **#.## **,,,,, #.#....#
*.#@## *,,,,, ##.....#
#####.##Z## **,,,,
.#.....###.##.####o## *,,,,
#......#.......# ##Z## **,,,
...............# ##o####### **,,
...............######o.....#* **,
.........?.....##..o.o......#* **
................Z..Z.........**
#...............o.o..........,**


You could see 4 orcs, a killer bee zombie (weak-willed) and a wyvern skeleton
(weak-willed).


Message History

Yellow scales spread over more of your body. 😕 HP[+4] MP[+1]
You now have 29 max hp (+5).
You regained 4 hp, and now have 22/29 hp.
Your mp is fully restored (3).
You see here an adder corpse. 😎 HP[+7]
Your hp is fully restored (29).
A killer bee zombie is nearby!
An orc comes into view. It is wielding a +0 club.
An orc comes into view. It is wielding a +1 vorpal war axe.
An orc comes into view. It is wielding a +0 dagger of freezing.
You reach to attack!
You hit the orc. You freeze the orc. You hit the orc. You freeze the orc.
You kill the orc!
Kikubaaqudgha accepts your kill.
The killer bee zombie hits you but does no damage.
You hit the killer bee zombie.
The killer bee zombie closely misses you.
The killer bee zombie hits you. 😕 HP[-5]
You take 5 damage, and now have 24/29 hp.
You closely miss the killer bee zombie.
The killer bee zombie hits you but does no damage.
You barely miss the killer bee zombie.
The killer bee zombie completely misses you.
The killer bee zombie hits you. 😕 HP[-1]
You take 1 damage, and now have 23/29 hp.
You hit the killer bee zombie.
The orc shouts!
The killer bee zombie hits you but does no damage.
An orc comes into view. It is wielding a +0 short sword.
The killer bee zombie hits you but does no damage. 😕 HP[+1]
The orc shouts!
You hit the killer bee zombie.
The killer bee zombie barely misses you. x2
An orc comes into view. It is wielding a +0 club.
The orc shouts!
You hit the killer bee zombie.
The killer bee zombie hits you but does no damage.
The killer bee zombie barely misses you.
You barely miss the killer bee zombie.
The killer bee zombie closely misses you.
The killer bee zombie hits you. 😮 HP[-6]
You take 6 damage, and now have 18/29 hp.
MASSIVE DAMAGE!! (PAUSE)
The killer bee zombie hits you but does no damage.
The killer bee zombie hits you. 😮 HP[-2]
You take 2 damage, and now have 16/29 hp.
The killer bee zombie hits you but does no damage.
The killer bee zombie hits you but does no damage.
The killer bee zombie hits you but does no damage.
The killer bee zombie barely misses you. 😮 HP[+1]
The killer bee zombie hits you.
* * * LOW HITPOINT WARNING * * *
You see here a book of Transfigurations {@e2}. 😨 HP[-5]
You take 5 damage, and now have 12/29 hp.
You pick up a book of Transfigurations {@e2} and begin reading...
You add the spells Irradiate, Blade Hands and Dragon Form to your library.
Unknown command.
Okay, then. 😨 HP[+1]
A wyvern skeleton comes into view.
The killer bee zombie closely misses you.
The killer bee zombie misses you.
As you read the scroll labelled ASEUSOI MIYGAGIRI, it crumbles to dust.
Magic quickly surges around you.
It was a scroll of vulnerability.
The killer bee zombie hits you but does no damage.
The killer bee zombie hits you but does no damage.
The killer bee zombie hits you.
* * * LOW HITPOINT WARNING * * *
😨 HP[-1]
You take 1 damage, and now have 12/29 hp.
You aren't carrying any potions. 😨 HP[+1]
Okay, then.
Aiming: Dig
Press: ? - help, Shift-Dir - straight line A rock wall.
The rock shatters into small pieces.
The wyvern skeleton closely misses you. The wyvern skeleton bites you.
* * * LOW HITPOINT WARNING * * *
😨 HP[-4]
You take 4 damage, and now have 9/29 hp.
You aren't carrying any potions.
Okay, then.
The wyvern skeleton bites you.
* * * LOW HITPOINT WARNING * * *
😱 HP[-2]
You take 2 damage, and now have 7/29 hp.
Unknown command.
You barely miss the wyvern skeleton. The wyvern skeleton bites you!
You die...
Kikubaaqudgha rasps: "You have failed me!
Welcome... death!"

Skill      XL: |  1  2 |
---------------+-------+-----
Necromancy     | 2 3 |  3.1
Fighting       | |  3.0
Short Blades   | |  1.7
Staves         | |  0.4
Dodging        | |  1.7
Stealth        | |  4.5

Action                   || total
-------------------------++-------
Melee: Spear             ||    29
       Punch             ||     1
Evoke: Wand              ||     1
  Use: Scroll            ||     4
       Potion            ||     2
Armor: Leather armour    ||    20
Dodge: Dodged            ||    28

Levels and vault maps discovered:
D:5:      layout_cave_pods, minmay_temple_entry_crystal_x, ebering_ghost_gozag,
          minmay_misc_feat_secret_circle, hangedman_decor_diamond_cutter,
          uniq_edmund
D:6:      layout_basic, kennysheep_little_box, general_overflow_altar,
          uniq_pikel
Temple:   minmay_temple_curvy_loop

Notes
Turn   | Place    | Note
-------+----------+-------------------------------------------
     0 | D:5      | spaghetti the Demonspawn Delver began the quest for the
                  | Orb.
     0 | D:5      | Reached XP level 1. HP: 18/18 MP: 1/1
     0 | D:5      | magus.rc [v1.9.6]
    40 | D:5      | Found a runed translucent gate.
    41 | D:5      | Found a runed translucent gate.
    47 | D:5      | Found a runed translucent gate.
    63 | D:5      | Noticed a black bear
   363 | D:6      | Found a hide-covered altar of Uskayaw.
   394 | D:6      | HP: 2/18 [shadow imp/nerve-wracking pain (9)]
   396 | D:6      | Noticed a lemure
   396 | D:6      | Noticed a lemure
   666 | D:5      | Found a staircase to the Ecumenical Temple.
   672 | Temple   | Entered the Ecumenical Temple
   908 | Temple   | Became a worshipper of Kikubaaqudgha
   966 | D:5      | Reached skill level 2 in Necromancy
   966 | D:5      | Gained mutation: You are partially covered in yellow
                  | scales. (AC +2) [demonic ancestry]
   966 | D:5      | Reached XP level 2. HP: 17/24 MP: 2/2
  1004 | D:5      | Reached skill level 3 in Necromancy
  1004 | D:5      | Gained mutation: You are mostly covered in yellow scales.
                  | (AC +3) [demonic ancestry]
  1004 | D:5      | Reached XP level 3. HP: 22/29 MP: 3/3
  1099 | D:5      | You pick up a book of Transfigurations {@e2} and begin
                  | reading...
  1099 | D:5      | You add the spells Irradiate, Blade Hands and Dragon Form
                  | to your library.
  1126 | D:5      | HP: 7/29 [wyvern skeleton (2)]
  1127 | D:5      | Slain by a wyvern skeleton

Vanquished Creatures
  A centaur skeleton (D:5)
  An adder (D:5)
  An orc (D:5)
3 creatures vanquished.

Table legend:
 A = Non-vault XP
 B = Vault XP
 C = Vault XP percentage of total XP
 D = Non-vault monster count
 E = Vault monster count
 F = Vault count percentage of total count
                 A         B        C        D         E       F
            +---------+---------+-------+---------+---------+-------
      Total |      53 |       0 |   0.0 |       3 |       0 |   0.0
            +---------+---------+-------+---------+---------+-------
        D:5 |      53 |       0 |   0.0 |       3 |       0 |   0.0
            +---------+---------+-------+---------+---------+-------

Illustrated notes

Table legend:
 A = Kills in this place as a percentage of kills in entire the game.
 B = Kills by you in this place as a percentage of kills by you in the entire game.
 C = Kills by friends in this place as a percentage of kills by friends in the entire game.
 D = Other kills in this place as a percentage of other kills in the entire game.
 E = Experience gained in this place as a percentage of experience gained in the entire game.
 F = Experience gained in this place divided by the number of levels of this place that you have seen.
                   A       B       C       D       E      F
               +-------+-------+-------+-------+-------+----------------------
         Total | 100.0 | 100.0 |   N/A |   N/A | 100.0 |  17.7
       Dungeon | 100.0 | 100.0 |   N/A |   N/A | 100.0 |  26.5
               +-------+-------+-------+-------+-------+----------------------

Table legend: (Time is in decaauts)
 A = Elapsed time spent in this place.
 B = Non-inter-level travel time spent in this place.
 C = Inter-level travel time spent in this place.
 D = Time resting spent in this place.
 E = Time spent auto-exploring this place.
 F = Levels seen in this place.
 G = Mean time per level.
                   A        B        C        D        E       F      G
               +--------+--------+--------+--------+--------+-----+--------+
         Total |   1109 |   1031 |     78 |    284 |    549 |   3 |  369.7 |
       Dungeon |    843 |    834 |      9 |    284 |    359 |   2 |  421.5 |
        Temple |    265 |    196 |     69 |      0 |    190 |   1 |  265.0 |
               +--------+--------+--------+--------+--------+-----+--------+

Top non-repeatable levels by time:
     D:5: 519 daAuts
     D:6: 324 daAuts
  Temple: 265 daAuts
